 Dungeon Crawl Stone Soup version 0.21-a0-140-g479285b (webtiles) character file.

583 Leibowitz the Cutter (level 7, 0/41 HPs)
             Began as a Kobold Gladiator on July 20, 2017.
             Slain by a killer bee (9 damage)
             ... on level 4 of the Dungeon.
             The game lasted 00:11:49 (3364 turns).

Leibowitz the Cutter (Kobold Gladiator)             Turns: 3364, Time: 00:11:50

Health: 0/41       AC:  7    Str: 10 (12) XL:     7   Next: 64%
Magic:  7/7        EV: 16    Int:  6 (9)  God:
Gold:   158        SH:  7    Dex: 16 (18) Spells: 6/6 levels left

rFire    . . .     SeeInvis .   a - +0 rapier
rCold    . . .     Gourm    .   k - +2 buckler
rNeg     . . .     Faith    .   b - +0 leather armour
rPois    .         Spirit   .   c - +0 helmet
rElec    .         Reflect  .   t - +2 cloak
rCorr    .         Harm     .   (no gloves)
MR       .....                  (no boots)
Stlth    +++.......             p - amulet of rage
HPRegen  0.13/turn              (no ring)
MPRegen  0.10/turn              (no ring)

@: lethally poisoned (0 -> -14)
A: carnivore 3
a: Evoke Berserk Rage


You were on level 4 of the Dungeon.
You were very full.

You visited 1 branch of the dungeon, and saw 5 of its levels.

You collected 158 gold pieces.

Inventory:

Hand Weapons
 a - a +0 rapier (weapon)
Missiles
 d - a throwing net (quivered)
Armour
 b - a +0 leather armour (worn)
 c - a +0 helmet (worn)
 k - a +2 buckler (worn)
 t - a +2 cloak (worn)
Jewellery
 j - a +4 amulet of reflection
 p - an amulet of rage (around neck)
Wands
 s - a wand of acid (0/15)
 y - a wand of confusion (12/48)
Scrolls
 e - a scroll of teleportation {unknown}
 g - a scroll of fog {unknown}
 h - 4 scrolls of identify {unknown}
 i - a scroll of recharging {unknown}
 u - a scroll of enchant armour {unknown}
 x - a scroll of magic mapping {unknown}
Potions
 m - a potion of degeneration
 n - 2 potions of lignification
 o - 2 potions of curing {unknown}
 q - a potion of cancellation {unknown}
 r - a potion of agility {unknown}
 v - a potion of ambrosia {unknown}
 w - a potion of resistance
Comestibles
 f - 4 meat rations
 l - 4 royal jellies


   Skills:
 * Level 3.5 Fighting
 * Level 7.0 Short Blades
 - Level 2.1 Throwing
 * Level 2.1 Armour
 * Level 5.0 Dodging
 * Level 4.4 Stealth
 * Level 1.1 Shields
 + Level 0.2 Evocations


You had 6 spell levels left.
You didn't know any spells.

Dungeon Overview and Level Annotations

Branches:
Dungeon (5/15)
 Temple: D:4-7

Altars:
Sif Muna


Innate Abilities, Weirdness & Mutations

You are small and have problems with some larger weapons.
You are carnivorous and can eat meat at any time.


Message History

The killer bee appears confused.
Evoking this partially-identified wand wasted a few charges.
* * * LOW HITPOINT WARNING * * *
You feel sick.
The killer bee misses the killer bee.
The killer bee barely misses you.
You hit the killer bee.
The killer bee is moderately wounded.
* * * LOW HITPOINT WARNING * * *
You feel sick.
The killer bee closely misses the killer bee.
You hit the killer bee.
The killer bee is heavily wounded.
* * * LOW HITPOINT WARNING * * *
You feel sick. The killer bee misses you.
It was a potion of degeneration.
There was something very wrong with that liquid.
You feel weakened.
You feel dopey.
You feel clumsy.
* * * LOW HITPOINT WARNING * * *
You feel sick. The killer bee stings you!
You die...

....# #......##+#.#.##
...........# #.##.### #.#...
...........#.# #.##... #.####
....... .# #.#########'###
...... .# ##'## #.......#
.....#####+#.# #...# #.......#
.............# #...# #.......#
.............####...# #.......#
......[.......yy@...# #.......#
..########'#############.......#
..# #.............'...(...# ..#
###############.....[.# ..#
#.......# ### #########


You could see 2 killer bees.

Vanquished Creatures
  2 ogres (D:4)
  A scorpion (D:4)
  3 killer bees (D:4)
  A howler monkey (D:4)
  An iguana (D:4)
  Ijyb (D:4)
  Robin (D:2)
  3 adders
  3 oozes
  A worm (D:2)
  A leopard gecko (D:4)
  4 orcs (D:3)
  10 bats
  2 giant cockroaches
  14 goblins
  11 hobgoblins
  4 jackals (D:3)
  3 quokkas
  4 frilled lizards
  8 kobolds
  A quokka skeleton (D:3)
  13 rats
92 creatures vanquished.

Notes
Turn   | Place    | Note
-------+----------+-------------------------------------------
     0 | D:1      | Leibowitz the Kobold Gladiator began the quest for the Orb.
     0 | D:1      | Reached XP level 1. HP: 12/12 MP: 1/1
    86 | D:1      | Reached XP level 2. HP: 16/17 MP: 2/2
   295 | D:1      | Reached XP level 3. HP: 17/21 MP: 3/3
   505 | D:1      | Reached skill level 5 in Short Blades
   695 | D:1      | Reached skill level 1 in Stealth
   808 | D:1      | Reached XP level 4. HP: 22/27 MP: 4/4
   974 | D:2      | Reached skill level 1 in Armour
  1170 | D:2      | Noticed Robin
  1329 | D:2      | Killed Robin
  1410 | D:2      | Reached XP level 5. HP: 31/31 MP: 5/5
  1500 | D:2      | Found a deep blue altar of Sif Muna.
  2020 | D:3      | You fall through a shaft for 2 floors!
  2020 | D:5      | Entered Level 5 of the Dungeon
  2083 | D:4      | Reached XP level 6. HP: 9/36 MP: 6/6
  2407 | D:4      | Noticed an ogre
  2457 | D:4      | Noticed an ogre
  2461 | D:4      | Reached skill level 6 in Short Blades
  2465 | D:4      | Killed an ogre
  2805 | D:4      | Noticed Ijyb
  2928 | D:4      | Killed Ijyb
  2928 | D:4      | Reached skill level 1 in Shields
  2947 | D:4      | Reached XP level 7. HP: 35/41 MP: 7/7
  3156 | D:4      | Reached skill level 5 in Dodging
  3359 | D:4      | Reached skill level 7 in Short Blades
  3364 | D:4      | Slain by a killer bee

Vault maps used:
D:1:      saegor_arrival_simple_e, item_on_display_a
D:2:      led_sif_pool, uniq_robin
D:4:      uniq_ijyb
D:5:      minmay_temple_entry_statues_pillars, first_bread

Skill      XL: |  1  2  3  4  5  6  7 |
---------------+----------------------+-----
Dodging        | 4 5 |  5.0
Short Blades   | 5 6 7 |  7.0
Stealth        | 1 2 3 4 |  4.4
Armour         | 1 2 |  2.1
Fighting       | 3 |  3.5
Shields        | 1 |  1.1
Throwing       | |  2.1
Evocations     | |  0.2

Action                   |  1- 3 |  4- 6 |  7- 9 || total
-------------------------+-------+-------+-------++-------
Melee: Rapier            |    94 |   216 |    19 ||   329
Throw: Throwing net      |     3 |     3 |       ||     6
Evoke: Wand              |       |       |     9 ||     9
  Use: Potion            |     2 |       |     1 ||     3
 Stab: Sleeping          |       |     6 |       ||     6
       Held in net/web   |       |     2 |       ||     2
       Confused          |       |       |     1 ||     1
  Eat: Chunk             |     8 |     7 |     1 ||    16
Armor: Leather armour    |    20 |    30 |     1 ||    51
Dodge: Dodged            |    71 |   133 |    15 ||   219
Block: Other             |     8 |     1 |       ||     9
       Buckler           |       |    73 |     5 ||    78
